Map: Fracture LE

Players

Has

  • Race: Protoss Protoss
  • Spawn Location: 11:00

TIME (Oliveira) - Winner!

  • Race: Terran Terran
  • Spawn Location: 5:00

Event: WCS Montreal 2018

VOD

Have the link to the VOD?

Description

Time

  • Played on: Sept. 8, 2018, 2:05 p.m.
  • Length: 10:03

All games in this series

Show
View Real Time Build Order
Export as new Build Order

Has Protoss 

Build Orders:  

Get SALT Encoding   

  12  0:08  Pylon  
  12  0:13  Probe  
  13  0:26  Gateway  
  13  0:30  Probe  
  14  0:42  Probe  
  15  0:45  Assimilator  
  15  0:47  Assimilator  
  15  0:54  Probe  
  16  1:06  Probe  
  17  1:13  Cybernetics Core  
  17  1:16  Pylon  
  17  1:21  Probe  
  18  1:33  Probe  
  19  1:45  Stalker  
  19  1:51  Robotics Facility  
  19  1:59  Probe  
  22  2:05  Warp Gate  
  21  2:11  Probe  
  21  2:14  Stalker  
  24  2:26  Pylon  
  24  2:33  Immortal  
  28  2:55  Shield Battery  
  28  2:57  Shield Battery  
  27  3:07  Warp Prism  
  29  3:28  Probe  
  29  3:31  Pylon  
  30  3:36  Stargate  
  30  3:40  Probe  
  31  3:46  Observer  
  31  3:49  Pylon  
  31  3:55  Probe  
  33  4:01  Immortal  
  29  4:11  Phoenix  
  31  4:41  Probe  
  31  4:45  Oracle  
  35  5:02  Nexus  
  35  5:03  Probe  
  36  5:14  Oracle  
  36  5:15  Probe  
  41  5:30  Pylon  
  41  5:37  Gateway  
  41  5:40  Gateway  
  41  5:51  Oracle  
  41  5:54  Probe  
  43  6:03  Pylon  
  43  6:06  Probe  
  44  6:16  Probe  
  45  6:21  Probe  
  45  6:23  Sentry  
  48  6:34  Shield Battery  
  48  6:38  Probe x2  
  50  6:43  Phoenix  
  50  6:47  Sentry  
  50  6:50  Probe x2  
  56  6:54  Zealot x2  
  60  7:06  Warp Prism, Probe x2  
  59  7:18  Probe  
  59  7:19  Zealot x2  
  59  7:22  Pylon  
  66  7:23  Twilight Council  
  66  7:31  Probe x2  
  66  7:33  Phoenix  
  70  7:42  Zealot x3  
  76  7:44  Charge  
  76  7:47  Probe  
  76  7:48  Pylon  
  76  7:50  Probe  
  78  8:03  Pylon  
  78  8:10  Forge  
  78  8:20  Nexus  
  78  8:22  Pylon  
  76  8:29  Probe  
  77  8:37  Zealot x3  
  77  8:40  Phoenix  
  85  8:47  Gateway  
  85  8:50  Gateway  
  82  8:58  Zealot x3  
  82  9:19  Zealot x3  
Show
View Real Time Build Order
Export as new Build Order

TIME Terran - Winner!

Build Orders: 1/1/1, MMM Bio 

Get SALT Encoding   

  12  0:00  SCV  
  13  0:12  SCV  
  14  0:17  Supply Depot  
  14  0:25  SCV  
  14  0:28  Refinery  
  15  0:38  SCV  
  16  0:45  Barracks  
  16  0:50  SCV  
  17  1:02  SCV  
  18  1:14  SCV  
  19  1:31  Marine  
  20  1:32  Orbital Command  
  20  1:35  Factory  
  20  1:41  Supply Depot  
  20  1:49  Marine  
  21  1:59  SCV  
  22  2:07  Marine  
  23  2:11  SCV  
  24  2:18  Widow Mine  
  24  2:20  Starport  
  26  2:24  SCV  
  26  2:25  Supply Depot, Marine  
  26  2:26  Refinery  
  28  2:32  Bunker  
  28  2:36  SCV  
  29  2:41  Factory Tech Lab  
  29  2:50  Marine  
  30  2:51  SCV  
  31  3:04  Siege Tank  
  34  3:10  Marine  
  35  3:17  Viking, Supply Depot  
  35  3:29  Marine  
  35  3:32  SCV  
  37  3:36  Bunker  
  37  3:40  Siege Tank  
  40  3:47  Marine  
  40  3:56  Viking  
  38  4:08  Marine  
  39  4:11  Command Center  
  39  4:18  Siege Tank  
  42  4:26  Marine, SCV  
  44  4:33  Viking  
  46  4:42  Supply Depot  
  47  4:46  Barracks Reactor  
  47  4:52  SCV  
  47  5:04  Supply Depot  
  47  5:05  Supply Depot  
  47  5:13  Barracks  
  47  5:15  Starport Tech Lab  
  47  5:20  Engineering Bay  
  47  5:22  SCV  
  47  5:27  Orbital Command  
  51  5:33  Raven, Widow Mine  
  52  5:36  SCV  
  52  5:39  Marine x2  
  55  5:47  Terran Infantry Weapons Level 1  
  55  6:08  Marine x2, SCV  
  58  6:12  Barracks  
  58  6:13  Orbital Command  
  58  6:26  SCV  
  58  6:28  Bunker  
  58  6:29  Marine  
  58  6:32  Marine  
  61  6:33  Stimpack  
  61  6:38  SCV  
  61  6:39  SCV  
  63  6:41  Starport Reactor, Factory Reactor  
  63  6:44  Marine  
  63  6:45  Refinery  
  64  6:47  Supply Depot, Marine  
  64  6:50  SCV  
  64  6:51  Supply Depot  
  66  6:55  SCV  
  66  6:59  Marauder  
  68  7:02  Marine  
  66  7:09  SCV  
  66  7:14  Missile Turret  
  66  7:16  SCV  
  66  7:19  Widow Mine  
  66  7:22  Widow Mine  
  71  7:23  Marine  
  71  7:24  Marine  
  71  7:28  SCV  
  71  7:29  Marine, SCV  
  76  7:36  Combat Shields, Marine  
  76  7:40  Marine, SCV  
  76  7:41  SCV  
  80  7:50  Medivac x2  
  84  7:56  Marine, Widow Mine x2  
  84  7:57  Marauder  
  90  7:59  SCV  
  90  8:02  SCV  
  90  8:04  Supply Depot  
  92  8:06  Marine  
  92  8:12  SCV  
  94  8:13  Supply Depot  
  94  8:25  Widow Mine  
  94  8:26  Marauder, Marine x3, SCV  
  100  8:32  Medivac  
  101  8:38  SCV x2  
  103  8:44  Marauder, Marine x2  
  107  8:49  Widow Mine  
  107  8:51  Widow Mine  
  110  9:01  Supply Depot  
  110  9:05  Command Center  
  110  9:10  Marine, Medivac  
  110  9:18  SCV  
  110  9:19  Marine  
  110  9:20  Marine  
  110  9:22  Marauder  
  110  9:27  Marine  
  110  9:39  Marauder  
Tags
 
Composition
MMM Bio
Matchup
PvT
Opening
1/1/1
Spawn Locations
Cross Positions
Add a new tag
Caveats
  • Supply blocks, unpowered buildings, or Contaminate may cause inaccurate times.
  • Supply counts are checked every 10 seconds.